 Dungeon Sprint DCSS version 0.30-a0-422-g946f4849ff (webtiles) character file.

Game seed: 7425161393464570911

94 BigDaddyOpFi the Blocker (level 8, -28/64 HPs)
             Began as an Octopode Fighter on Dec 8, 2022.
             Was a High Priest of Cheibriados.
             Shot with an arrow by a naga sharpshooter (30 damage)
             ... in the Dungeon (Sprint VI: "Thunderdome").
             The game lasted 00:04:14 (594 turns).

BigDaddyOpFi the Blocker (Octopode Fighter)          Turns: 594, Time: 00:04:14

Health: -28/64     AC:  1    Str: 29    XL:     8   Next: 62%
Magic:  10/17      EV: 23    Int: 28    God:    Cheibriados [*****.]
Gold:   70         SH:  8    Dex: 29    Spells: 7/7 levels left

rFire   + + +      SeeInvis +    a - +0 war axe
rCold   . . .      Faith    .    b - +0 buckler
rNeg    + . .      Spirit   .    (helmet restricted)
rPois   +          Reflect  .    q - amulet "Zamozecs" {Acrobat rF+}
rElec   +          Harm     .    n - ring of Bafrow Quus {Fire rPois rCorr Int-5 SInv}
rCorr   +          Rampage  .    o - ring "Zopt" {rPois MP+9 Slay+4}
Will    +....      NoTele   +    p - ring "Omuopros" {rN+ Dex+6}
Stlth   +++.......               r - ring "Fydagappicio" {Fly rElec rC+ Int+8}
HPRegen 0.30/turn                s - ring "Cazok" {rElec rC- Will+ rCorr Int+2}
MPRegen 0.15/turn                (no ring)
                                 (no ring)
                                 (no ring)

@: mighty, lethally poisoned (-28 -> -32), resistant, flying, very slow
A: almost no armour, amphibious, 8 rings, camouflage 1, gelatinous body 1,
(nimble swimmer 1), tentacles
a: Renounce Religion, Bend Time, Temporal Distortion, Slouch, Step From Time


You were in the Dungeon.
You worshipped Cheibriados.
Cheibriados was extremely pleased with you.
You visited 1 branch You collected 340 gold pieces.
You spent 270 gold pieces at shops.

Inventory:

Hand Weapons
 a - a +0 war axe (weapon)
Armour
 b - a +0 buckler (worn)
Jewellery
 n - the ring of Bafrow Quus (left tentacle) {Fire rPois rCorr Int-5 SInv}
   (You bought it in a shop in the Dungeon)

   [ring of fire]

   It enhances your fire magic.
   Int:       It affects your intelligence (-5).
   rF:        It protects you from fire.
   rC:        It makes you vulnerable to cold.
   rPois:     It protects you from poison.
   SInv:      It lets you see invisible.
   rCorr:     It protects you from acid and corrosion.
 o - the ring "Zopt" (right tentacle) {rPois MP+9 Slay+4}
   (You bought it in a shop in the Dungeon)

   [ring of slaying]

   Slay:      It affects your accuracy & damage with ranged weapons and melee
   (+4).
   rPois:     It protects you from poison.
   MP:        It affects your magic capacity (+9).
 p - the ring "Omuopros" (on tentacle) {rN+ Dex+6}
   (You bought it in a shop in the Dungeon)

   [ring of dexterity]

   Dex:       It affects your dexterity (+6).
   rN:        It protects you from negative energy.
 q - the amulet "Zamozecs" (around mantle) {Acrobat rF+}
   (You bought it in a shop in the Dungeon)

   [amulet of the acrobat]

   It increases your evasion while moving and waiting.
   rF:        It protects you from fire.
 r - the ring "Fydagappicio" (on tentacle) {Fly rElec rC+ Int+8}
   (You bought it in a shop in the Dungeon)

   [ring of protection from cold]

   Int:       It affects your intelligence (+8).
   rC:        It protects you from cold.
   rElec:     It insulates you from electricity.
   Fly:       It grants you flight.
 s - the ring "Cazok" (on tentacle) {rElec rC- Will+ rCorr Int+2}
   (You bought it in a shop in the Dungeon)

   [ring of resist corrosion]

   Int:       It affects your intelligence (+2).
   rC:        It makes you vulnerable to cold.
   rElec:     It insulates you from electricity.
   rCorr:     It protects you from acid and corrosion.
   Will:      It increases your willpower.
Wands
 k - a wand of quicksilver (2) (quivered)
 l - a wand of iceblast (5)
Scrolls
 i - 2 scrolls of blinking
 m - 3 scrolls of fog
Potions
 f - 4 potions of haste
 g - 2 potions of magic
 h - a potion of berserk rage


   Skills:
 + Level 9.9 Fighting
 + Level 9.6 Axes
 + Level 9.9 Dodging
 + Level 9.9 Shields


You had 7 spell levels left.
You didn't know any spells.
Your spell library was empty.

Dungeon Overview and Level Annotations

Branches:
Dungeon (1/1)

Altars:
Cheibriados
Dithmenos
Fedhas
Gozag
Kikubaaqudgha
Makhleb
Okawaru
Qazlal
Ru
Sif Muna
Trog
Uskayaw
Vehumet
Wu Jian
Xom
Yredelemnul
Zin
The Shining One
Lugonu

Shops:
D *[??*?*:[((!!!!

Annotations:
D Aizul


Innate Abilities, Weirdness & Mutations

You cannot wear most types of armour.
You are amphibious.
You can wear up to eight rings at the same time.
Your skin changes colour to match your surroundings (Stealth+).
Your rubbery body absorbs attacks. (AC +1, EV +1)
((You are camouflaged when in or above water. (Stealth+)))
You have tentacles for arms and can constrict up to eight enemies at once.


Message History

You warp the flow of time around you!
Okay, then.
You feel protected.
Aizul coils herself and waves her upper body at you.
The bolt of poison hits you. You resist. The naga spits poison at you.
The splash of poison misses you.
You feel very mighty all of a sudden. You block the naga's attack.
Aizul barely misses you.
You closely miss Aizul. Your squeeze misses Aizul.
Aizul is moderately wounded.
Aizul screams, "I'll haunt your nightmares!"
Aizul casts a spell at you. The bolt of poison hits you.
You are poisoned.
You resist.
* * * LOW HITPOINT WARNING * * *
You block the naga's attack.
The naga sharpshooter gestures wildly while chanting.
The naga sharpshooter magically shoots an arrow.
You block the arrow. You block Aizul's attack. The naga misses you.
You slice Aizul!!
Aizul is heavily wounded.
You feel sick. Aizul closely misses you. The naga spits poison at you.
The splash of poison misses you.
You slash Aizul! You squeeze Aizul!
Aizul is severely wounded.
You feel sick. Aizul completely misses you. You block Aizul's attack.
The naga closely misses you.
The naga sharpshooter mumbles some strange words.
The naga sharpshooter magically shoots an arrow.
The arrow completely misses you.
You slice Aizul!!
Aizul is almost dead.
You feel sick. Aizul hits you!
* * * LOW HITPOINT WARNING * * *
You block the naga's attack. Aizul completely misses you.
The naga sharpshooter shoots an arrow.
The arrow hits you!!
You die...

###.........###
#N)..........⌠#
####.8.........8.######
___...[..###......___∩##
.[.....8.# #.8........∩###
.........###.............#
......###...###.N........⌠
...N..# #.<.# #..........⌠
......###...###.@........⌠
.........###...S.........#
.......8.# #.8.N.)....∩###
.__......###..[....._∩##
####.8.........8.######
#⌠.....†.[...⌠#
###.........###
#_..÷...._# #_..).....#


You could see Aizul, a naga sharpshooter and a naga.

Vanquished Creatures
  A black mamba (D)
  Sigmund (D)
  3 wraiths (D)
  A wolf (D)
  A gnoll sergeant (D)
  A wight (D)
  A gnoll bouda (D)
  A hound (D)
  A jelly (D)
  Jessica (D)
  Terence (D)
  An orc wizard (D)
  3 gnolls (D)
  A spectral adder (D)
  A spectral bat (D)
  4 endoplasms (D)
23 creatures vanquished.

Notes
Turn   | Place    | Note
-------+----------+-------------------------------------------
     0 | D        | BigDaddyOpFi the Octopode Fighter began the quest for the
                  | Orb.
     0 | D        | Reached XP level 1. HP: 16/16 MP: 1/1
     3 | D        | Found a blossoming altar of Fedhas.
     3 | D        | Found a glowing silver altar of Zin.
     4 | D        | Found a stormy altar of Qazlal.
     4 | D        | Found a corrupted altar of Lugonu.
     5 | D        | Found a glowing golden altar of the Shining One.
     5 | D        | Round 1.
     6 | D        | Found a snail-covered altar of Cheibriados.
     6 | D        | Found a basalt altar of Yredelemnul.
     6 | D        | Found Pacvo's Identification Station.
     7 | D        | Found Yhazaost's Jewellery.
     7 | D        | Found Fetrier's Advanced Armour.
     8 | D        | Found an iron altar of Okawaru.
    15 | D        | Bought a crude jade ring for 45 gold pieces
    15 | D        | Identified the ring of Bafrow Quus {Fire rPois rCorr Int-5
                  | SInv} (You bought it in a shop in the Dungeon)
    15 | D        | Bought a bound granite ring for 45 gold pieces
    15 | D        | Identified the ring "Zopt" {rPois MP+9 Slay+4} (You bought
                  | it in a shop in the Dungeon)
    15 | D        | Bought a bound silver ring for 45 gold pieces
    15 | D        | Identified the ring "Omuopros" {rN+ Dex+6} (You bought it
                  | in a shop in the Dungeon)
    15 | D        | Bought a coiled diamond amulet for 45 gold pieces
    15 | D        | Identified the amulet "Zamozecs" {Acrobat rF+} (You bought
                  | it in a shop in the Dungeon)
    37 | D        | Noticed Terence
    44 | D        | Killed Terence
    45 | D        | Reached XP level 2. HP: 13/22 MP: 2/2
    45 | D        | Reached XP level 3. HP: 16/27 MP: 3/3
    65 | D        | Noticed Sigmund
    71 | D        | Killed Sigmund
    72 | D        | Reached skill level 5 in Axes
    72 | D        | Reached XP level 4. HP: 24/36 MP: 4/4
    72 | D        | Reached XP level 5. HP: 27/41 MP: 5/5
    99 | D        | Found Bigifa's Magic Scroll Shop.
    99 | D        | Found Befihep's Magic Scroll Shop.
   100 | D        | Found Dijoes's Must-Have Magic.
   101 | D        | Found a shadowy altar of Dithmenos.
   101 | D        | Found a burning altar of Makhleb.
   101 | D        | Found a shimmering blue altar of Sif Muna.
   101 | D        | Found Oworofy's Staff Store.
   116 | D        | Noticed Jessica
   123 | D        | Killed Jessica
   123 | D        | Arena points: 12 (+12) [x2]
   124 | D        | Reached XP level 6. HP: 45/47 MP: 6/6
   144 | D        | Found a sacrificial altar of Ru.
   172 | D        | Found a hide-covered altar of Uskayaw.
   176 | D        | Found a shimmering altar of Xom.
   176 | D        | Found an ancient bone altar of Kikubaaqudgha.
   176 | D        | Found Lomut's Premium Goods.
   176 | D        | Found Coixuaq's Miscellaneous Merchandise.
   177 | D        | Found Piokkire's Basic Armour.
   183 | D        | Found Vomilut's Weapon Rack.
   183 | D        | Found a bloodstained altar of Trog.
   188 | D        | Round 2.
   235 | D        | Became a worshipper of Cheibriados the Contemplative
   275 | D        | Found a radiant altar of Vehumet.
   275 | D        | Found Xuhinn's Do-It-Yourself Clinic.
   277 | D        | Found Ryschih's Bottled Wisdom.
   277 | D        | Found Cutrokh's Distillery.
   277 | D        | Found an ornate altar of the Wu Jian Council.
   277 | D        | Found an opulent altar of Gozag.
   277 | D        | Found Met Huti's Distillery.
   290 | D        | Reached * piety under Cheibriados
   356 | D        | Arena points: 24 (+12) [x1]
   367 | D        | Round 3.
   390 | D        | Reached ** piety under Cheibriados
   416 | D        | Reached *** piety under Cheibriados
   417 | D        | Reached XP level 7. HP: 24/54 MP: 7/7
   459 | D        | Arena points: 66 (+42) [x2]
   479 | D        | Bought a faintly glowing jade ring for 45 gold pieces
   479 | D        | Identified the ring "Fydagappicio" {Fly rElec rC+ Int+8}
                  | (You bought it in a shop in the Dungeon)
   479 | D        | Bought a crude lead ring for 45 gold pieces
   479 | D        | Identified the ring "Cazok" {rElec rC- Will+ rCorr Int+2}
                  | (You bought it in a shop in the Dungeon)
   490 | D        | Round 4.
   492 | D        | Noticed a wraith
   495 | D        | Noticed a wraith
   498 | D        | Killed a wraith
   498 | D        | Reached **** piety under Cheibriados
   507 | D        | Reached ***** piety under Cheibriados
   509 | D        | Noticed a wraith
   510 | D        | Killed a wraith
   511 | D        | Reached XP level 8. HP: 26/63 MP: 8/8
   517 | D        | Killed a wraith
   548 | D        | Arena points: 94 (+28) [x1]
   557 | D        | Round 5.
   560 | D        | Noticed Aizul
   568 | D        | Noticed a naga sharpshooter
   572 | D        | Noticed a black mamba
   578 | D        | Killed a black mamba
   594 | D        | HP: 2/64 [Aizul (13)]
   594 | D        | Shot with an arrow by a naga sharpshooter

Illustrated notes

Levels and vault maps discovered:
D:        arena_sprint

Skill      XL: |  1  2  3  4  5  6  7  8 |
---------------+-------------------------+-----
Fighting       | 4 6 7 9 |  9.9
Axes           | 3 5 6 7 8 9 |  9.6
Dodging        | 4 6 7 9 |  9.9
Shields        | 4 6 7 9 |  9.9

Action                   |  1- 3 |  4- 6 |  7- 9 || total
-------------------------+-------+-------+-------++-------
Melee: War axe           |     6 |    25 |    28 ||    59
       Tentacles         |     2 |     6 |    10 ||    18
       Constrict         |     2 |     6 |     3 ||    11
       Punch             |       |     2 |     1 ||     3
Invok: Slouch            |       |       |     1 ||     1
       Temporal Distorti |       |       |     1 ||     1
Evoke: Wand              |       |       |     3 ||     3
  Use: Potion            |     1 |       |     7 ||     8
       Scroll            |       |       |     2 ||     2
Armor: Skin              |       |     2 |     2 ||     4
Dodge: Dodged            |     4 |    20 |    57 ||    81
Block: Buckler           |       |     9 |    32 ||    41

Table legend: (Time is in decaauts)
 A = Elapsed time spent in this place.
 B = Non-inter-level travel time spent in this place.
 C = Inter-level travel time spent in this place.
 D = Time resting spent in this place.
 E = Time spent auto-exploring this place.
 F = Levels seen in this place.
 G = Mean time per level.
                   A        B        C        D        E       F      G
               +--------+--------+--------+--------+--------+-----+--------+
         Total |    752 |    752 |      0 |     43 |    145 |   1 |  752.0 |
       Dungeon |    752 |    752 |      0 |     43 |    145 |   1 |  752.0 |
               +--------+--------+--------+--------+--------+-----+--------+

Top non-repeatable levels by time:
       D: 752 daAuts
